 Dungeon Crawl Stone Soup version 0.27.0-1-g7a08968 (webtiles) character file.

Game seed: 15425182190680529476

3234 Orban the Basher (level 9, -5/80 HPs)
             Began as a Minotaur Berserker on Aug 31, 2022.
             Was a High Priest of Trog.
             Slain by a vampire (7 damage)
             ... on level 11 of the Dungeon.
             The game lasted 00:16:16 (9160 turns).

Orban the Basher (Minotaur Berserker)               Turns: 9160, Time: 00:16:17

Health: -5/80      AC:  9    Str: 24    XL:     9   Next: 66%
Magic:  8/8        EV: 12    Int:  4    God:    Trog [*****.]
Gold:   476        SH:  0    Dex: 11    Spells: 8/8 levels left

rFire    . . .     SeeInvis .   n - +7 hand axe of the Shining One {holy, rElec Will- rCorr}
rCold    . . .     Faith    .   (no shield)
rNeg     . . .     Spirit   .   x - +0 swamp dragon scales
rPois    +         Reflect  +   (helmet restricted)
rElec    +         Harm     .   (no cloak)
rCorr    +         Rampage  .   (no gloves)
Will     .....     Rnd*Rage +   (no boots)
Stlth    ..........             m - amulet of reflection
HPRegen  0.23/turn              k - ring of resist corrosion
MPRegen  0.11/turn              (no ring)

@: confused
A: horns 2, retaliatory headbutt, berserk 1
a: Renounce Religion, Berserk, Trog's Hand, Brothers in Arms


You were on level 11 of the Dungeon.
You worshipped Trog.
Trog was extremely pleased with you.
You visited 1 branch of the dungeon, and saw 9 of its levels.

You collected 476 gold pieces.

Inventory:

Hand Weapons
 a - a +0 hand axe
 i - a +2 whip of distortion
 n - the +7 hand axe of the Shining One (weapon) {holy, rElec Will- rCorr}
   (You found it on level 5 of the Dungeon)

   It has been blessed by the Shining One to cause great damage to the undead
   and demons.
   rElec:     It insulates you from electricity.
   rCorr:     It protects you from acid and corrosion.
   Will:      It decreases your willpower.
 t - a +4 dagger of freezing
 u - a +5 mace
 v - a +2 war axe of electrocution
 w - a +3 vorpal broad axe
Armour
 b - a +0 animal skin
 h - a +0 ring mail
 q - a scarf of invisibility
 x - +0 swamp dragon scales (worn)
Jewellery
 j - a ring of magical power
 k - a ring of resist corrosion (left hand)
 m - an amulet of reflection (around neck)
 p - a ring of ice
 y - a +4 ring of evasion
Wands
 d - a wand of flame (18)
Scrolls
 e - a scroll of magic mapping
 f - 2 scrolls of amnesia
 g - a scroll of identify
 o - 2 scrolls of teleportation
Potions
 c - 3 potions of flight
 l - 2 potions of curing
 r - 3 potions of haste


   Skills:
 + Level 7.7 Fighting
 + Level 7.3(9.3) Axes
 + Level 9.0(10.1) Maces & Flails
 + Level 7.8 Armour
 + Level 4.9 Dodging
 + Level 2.1 Stealth
 + Level 2.7 Shields


You had 8 spell levels left.
You didn't know any spells.
Your spell library was empty.

Dungeon Overview and Level Annotations

Branches:
Dungeon (11/15)            Temple (0/1) D:6            Lair (0/6) D:11
    Orc: D:9-12

Altars:
Elyvilon
Gozag
Trog

Shops:
D:1 (   D:2 [   D:3 (


Innate Abilities, Weirdness & Mutations

You have a pair of horns on your head.
You reflexively headbutt those who attack you in melee.
You tend to lose your temper in combat.


Message History

The vampire bites you!
The vampire draws strength from your injuries!
You bump into the rock wall.
The vampire hits you but does no damage.
The vampire bites you.
The vampire draws strength from your injuries!
You closely miss the vampire. You headbutt the vampire!
The vampire is heavily damaged.
You bump into the rock wall.
The vampire hits you. The vampire barely misses you.
You hit the vampire.
The vampire convulses!
The vampire is almost destroyed.
The vampire draws life force from you!
The vampire is healed by the life force!
You completely miss the vampire. Your headbutt misses the vampire.
The vampire is severely damaged.
You feel less confused.
The vampire points at you and mumbles some strange words.
You are confused.
You bump into the rock wall.
The vampire draws life force from you!!
The vampire is healed by the life force!
You're too confused to move!
The vampire hits you. The vampire bites you.
The vampire draws strength from your injuries!
You bump into the rock wall.
The vampire hits you!
* * * LOW HITPOINT WARNING * * *
The vampire bites you!
* * * LOW HITPOINT WARNING * * *
The vampire draws strength from your injuries!
You hit the vampire.
The vampire convulses.
You headbutt the vampire, but do no damage.
The vampire is moderately damaged.
The vampire barely misses you. x2
You are too confused!
You bump into the rock wall.
The vampire hits you!
* * * LOW HITPOINT WARNING * * *
The vampire barely misses you.
You bump into the rock wall.
The vampire hits you.
* * * LOW HITPOINT WARNING * * *
The vampire bites you!
You die...

#..####..# .....
#........# ..#.##
###.#.###..# ....#
###.....# #..# .#
........###..##..#
#................#
###.....#.##.#......
#+###.#.##.# .....
#.#.##@# ....
#.#.##V# ##.
........ .........
#...##..#. ## #..#.#
#..# # ....


You could see a vampire.

Vanquished Creatures
  Maggie (D:6)
  Grinder (D:6)
  Prince Ribbit (D:5)
  A wyvern (D:7)
  2 wargs (D:11)
  Menkaure (D:7)
  A black bear (D:7)
  An ice beast (D:7)
  2 orc warriors
  2 sky beasts
  2 phantoms
  A kobold brigand (D:5)
  A bullfrog (D:6)
  2 scorpions
  A water moccasin zombie (D:5)
  5 wights (D:6)
  A centaur zombie (D:7)
  6 orc priests
  3 hounds
  3 iguanas
  6 orc wizards
  A hound zombie (D:5)
  A howler monkey zombie (D:7)
  7 gnolls (D:6)
  A howler monkey skeleton (D:7)
  4 adders
  A shadow imp (D:4)
  A white imp (D:7)
  An ufetubus (D:6)
  An adder skeleton (D:5)
  2 worms
  3 dart slugs
  33 orcs
  3 bats (D:3)
  7 endoplasms
  3 giant cockroaches
  3 goblins
  4 hobgoblins
  6 jackals
  14 kobolds
  4 quokkas
  6 ball pythons
  4 frilled lizards
  9 rats
163 creatures vanquished.

Vanquished Creatures (others)
  A kobold (D:3)
  3 plants (D:3)
4 creatures vanquished.

Grand Total: 167 creatures vanquished

Notes
Turn   | Place    | Note
-------+----------+-------------------------------------------
     0 | D:1      | Orban the Minotaur Berserker began the quest for the Orb.
     0 | D:1      | Reached XP level 1. HP: 19/19 MP: 0/0
    60 | D:1      | Found Qiyjid's Weapon Emporium.
   167 | D:1      | Reached XP level 2. HP: 12/27 MP: 1/1
   779 | D:1      | Found a faded altar of an unknown god.
   980 | D:2      | Found Wuantuit's Antique Armour Emporium.
  1155 | D:2      | Reached ** piety under Trog
  1163 | D:2      | Reached XP level 3. HP: 31/33 MP: 2/2
  1682 | D:2      | You fall into a shaft and drop 2 floors!
  1688 | D:4      | Reached skill level 5 in Axes
  1688 | D:4      | Reached XP level 4. HP: 41/41 MP: 3/3
  1719 | D:4      | Reached skill level 1 in Maces & Flails
  1839 | D:4      | Found a large runed translucent door.
  1839 | D:4      | Found a large runed translucent door.
  2011 | D:4      | Reached XP level 5. HP: 35/47 MP: 4/4
  2164 | D:4      | Reached skill level 2 in Maces & Flails
  2470 | D:4      | Found a white marble altar of Elyvilon.
  2697 | D:4      | Found an opulent altar of Gozag.
  2702 | D:4      | Reached skill level 5 in Fighting
  2959 | D:3      | Reached XP level 6. HP: 51/56 MP: 5/5
  3211 | D:3      | Reached *** piety under Trog
  3347 | D:3      | Reached skill level 3 in Maces & Flails
  3893 | D:3      | Found Ihym's Antique Weapon Emporium.
  4298 | D:5      | Entered Level 5 of the Dungeon
  4671 | D:5      | Reached skill level 4 in Maces & Flails
  4672 | D:5      | Reached XP level 7. HP: 40/61 MP: 6/6
  5164 | D:5      | Noticed Prince Ribbit
  5168 | D:5      | Killed Prince Ribbit
  5169 | D:5      | Reached skill level 5 in Maces & Flails
  5169 | D:5      | Reached skill level 5 in Armour
  5169 | D:5      | Reached skill level 1 in Stealth
  5436 | D:5      | Identified the +7 hand axe of the Shining One {holy, rElec
                  | Will- rCorr}
  5650 | D:6      | Reached skill level 6 in Maces & Flails
  5650 | D:6      | Reached XP level 8. HP: 58/70 MP: 7/7
  5732 | D:6      | Found a staircase to the Ecumenical Temple.
  5978 | D:6      | Reached **** piety under Trog
  6272 | D:6      | Noticed Grinder
  6283 | D:6      | Reached skill level 7 in Maces & Flails
  6287 | D:6      | Killed Grinder
  6288 | D:6      | Reached skill level 1 in Shields
  6612 | D:6      | Reached skill level 8 in Maces & Flails
  6787 | D:6      | Noticed Maggie
  6795 | D:6      | Killed Maggie
  6796 | D:6      | Reached XP level 9. HP: 79/79 MP: 8/8
  7232 | D:7      | Found a bloodstained altar of Trog.
  7613 | D:7      | Noticed Menkaure
  7621 | D:7      | Killed Menkaure
  8046 | D:7      | Reached ***** piety under Trog
  8331 | D:7      | Gained mutation: You tend to lose your temper in combat.
                  | [potion of mutation]
  8789 | D:8      | You fall into a shaft and drop 3 floors!
  8798 | D:11     | Found a staircase to the Lair.
  8806 | D:11     | Reached skill level 9 in Maces & Flails
  9160 | D:11     | HP: 2/80 [vampire (3)]
  9160 | D:11     | Slain by a vampire

Illustrated notes

Levels and vault maps discovered:
D:1:      dpeg_arrival_erosion, layout_basic, serial_shops, shop,
          hellmonk_ecumenical_altar_inner_sanctum
D:2:      layout_loops_corners, serial_shops, nicolae_shop_statue_plus,
          minmay_randomly_rotated_circles
D:3:      layout_loops_corners, serial_shops, nicolae_shop_behind_doors,
          lexackson_kobold_supper
D:4:      layout_loops_cross, jmf_multi_god_temple2
D:5:      layout_gridville, uniq_prince_ribbit1
D:6:      layout_loops_corners, minmay_temple_entry_stoned_glass,
          bh_walls_and_bars, uniq_grinder, uniq_maggie
D:7:      layout_cave_pods, lemuel_doored_altar, uniq_menkaure
D:8:      layout_basic, beargit_hepliaklqana_dungeon_heroes,
          mainiacjoe_overflow_surrounded_room, makhleb_blood_cavern_becter,
          serial_shops, shop, nzn_random_ring
D:11:     layout_basic, erik_lair_orcish_takeover, uniq_grum

Skill      XL: |  1  2  3  4  5  6  7  8  9 |
---------------+----------------------------+-----
Axes           | 4 5 7 |  7.3
Fighting       | 4 5 6 7 |  7.7
Maces & Flails | 1 2 4 6 8 9 |  9.0
Armour         | 3 4 5 7 |  7.8
Dodging        | 3 4 |  4.9
Stealth        | 1 2 |  2.1
Shields        | 2 |  2.7

Action                   |  1- 3 |  4- 6 |  7- 9 || total
-------------------------+-------+-------+-------++-------
Melee: Hand axe          |    63 |       |     7 ||    70
       Headbutt          |     9 |    12 |    38 ||    59
       Whip              |     8 |   131 |   125 ||   264
       Broad axe         |       |       |    50 ||    50
Invok: Berserk           |     2 |     2 |     7 ||    11
  Use: Scroll            |       |     9 |     1 ||    10
       Potion            |       |     7 |     2 ||     9
Armor: Animal skin       |    10 |       |       ||    10
       Ring mail         |     6 |    21 |    24 ||    51
       Swamp dragon scal |       |       |    23 ||    23
Dodge: Dodged            |    38 |    60 |    78 ||   176
Block: Other             |       |       |    24 ||    24
